[Event "Late-Titled-Tuesday-Blitz-April-23-2024"]
[Site "Chess.com"]
[Date "2024.04.23"]
[Round "4"]
[White "Cayse"]
[Black "Sargsyan_Shant"]
[Result "1/2-1/2"]
[WhiteElo "2818"]
[BlackElo "2975"]
[TimeControl "180+1"]
[EndTime "14:42:10 PDT"]
[Termination "Game drawn by stalemate"]

1. e4 g6 2. d4 Nf6 3. Nc3 d5 4. exd5 Nxd5 5. Nxd5 Qxd5 6. c4 Qe4+ 7. Be3 e5 8. Be2 exd4 9. Qxd4 Bb4+ 10. Kf1 Qxd4 11. Bxd4 O-O 12. a3 Nc6 13. Bf6 Bd6 14. Nf3 Re8 15. Rd1 a5 16. h3 a4 17. g4 b6 18. Nd2 Ne5 19. Ne4 Bb7 20. Nxd6 cxd6 21. Rg1 Re6 22. Bxe5 dxe5 23. Rg3 Kg7 24. Rgd3 Kf6 25.
Rd7 Bc6 26. Rc7 e4 27. c5 b5 28. Rd6 Be8 29. Rb6 Ke5 30. Ke1 f5 31. gxf5 gxf5 32. Rxh7 Rc8 33. Rh8 Rcc6 34. Rxc6 Bxc6 35. Rd8 f4 36. Bg4 Rf6 37. Kd2 Bd5 38. Re8+ Kd4 39. Rc8 e3+ 40. fxe3+ fxe3+ 41. Ke1 Bc4 42. Be2 Rf2 43.
Bxc4 bxc4 44. c6 Kc5 45. c7 Kc6 46. Re8 Kxc7 47. Rxe3 Rxb2 48. Rc3 Rb1+ 49. Kf2 Rb2+ 50. Ke3 Rb3 51. Kd4 Kd6 52. Kxc4 Rb1 53. Rd3+ Kc6 54. Kd4 Ra1 55. Rc3+ Kd6 56. Ke4 Ke6 57. Kf4 Kf6 58.
h4 Rf1+ 59. Kg4 Rg1+ 60. Kh5 Ra1 61. Kh6 Kf7 62. Rf3+ Kg8 63. Kg5 Kg7 64. Kf5 Kh6 65.
Kg4 Rg1+ 66. Rg3 Rxg3+ 67. Kxg3 Kh5 68. Kh3 Kh6 69. Kg4 Kg6 70. Kf4 Kh5 71. Ke4 Kxh4 72. Kd4 Kg5 73. Kc4 Kf6 74. Kb4 Ke7 75. Kxa4 Kd8 76.
Kb5 Kc7 77. a4 Kb8 78. a5 Ka8 79. a6 Kb8 80. Kb6 Ka8 81. a7 1/2-1/2

[Event "Late-Titled-Tuesday-Blitz-April-23-2024"]
[Site "Chess.com"]
[Date "2024.04.23"]
[Round "4"]
[White "SerGo055"]
[Black "ChessBrainiacOnTwitch"]
[Result "1-0"]
[WhiteElo "2610"]
[BlackElo "2793"]
[TimeControl "180+1"]
[EndTime "14:42:11 PDT"]
[Termination "SerGo055 won by checkmate"]

1. d4 Nf6 2. Nf3 e6 3. Bf4 b6 4. e3 Bb7 5. Nbd2 c5 6. c3 Nc6 7. h3 Be7 8. Bd3 O-O 9. O-O d5 10. Qe2 Bd6 11. Ne5 Rc8 12. Bh2 Qc7 13. f4 Ne7 14. g4 Ne4 15. Rae1 f6 16. Nef3 c4 17.
Bxe4 dxe4 18. Nh4 f5 19. Kh1 b5 20. Rg1 Kh8 21. Rg2 g6 22. Reg1 Qd8 23. Bg3 Nd5 24.
Be1 Qe7 25. gxf5 gxf5 26. Qh5 Rg8 27. Bf2 Rxg2 28. Rxg2 Rg8 29. Rxg8+ Kxg8 30. Ng2 a5 31. Bh4 Qf7 32. Qg5+ Qg7 33. Qd8+ Bf8 34. Qxa5 b4 35. Nxc4 bxc3 36. bxc3 Qd7 37. Ne5 Qc8 38. c4 Nb4 39. a3 Nd3 40. Qd8 Qxd8 41. Bxd8 Bxa3 42. c5 Bd5 43. Kg1 Nb4 44. Kf2 Kf8 45. Ba5 Na6 46.
Ne1 Ke8 47. Nc2 Bc1 48. Bc3 Bb3 49. Nb4 Nc7 50. Ke2 Nb5 51. Bd2 Ba3 52. Nbc6 Nc7 53. Na5 Ba4 54. Nac4 Bb5 55. Ke1 Bb2 56. Nxb2 Nd5 57.
Nbc4 Kd8 58. Nd6 Bd3 59. Nxd3 exd3 60. e4 Nf6 61. exf5 exf5 62. Nxf5 Kd7 63. Kf2 Ke6 64. Ng3 Kd5 65. Ke3 Kc4 66. f5 Nd5+ 67. Ke4 Nc3+ 68. Bxc3 Kxc3 69. Ke5 d2 70. Ne4+ Kc2 71. Nxd2 h5 72.
Ne4 h4 73. f6 Kd3 74. f7 Ke2 75. f8=Q Kd1 76. Qf2 Kc1 77. Qd2+ Kb1 78. Nc3+ Ka1 79. Qc1# 1-0

[Event "Late-Titled-Tuesday-Blitz-April-23-2024"]
[Site "Chess.com"]
[Date "2024.04.23"]
[Round "4"]
[White "jcibarra"]
[Black "Slovak_fighter2000"]
[Result "1-0"]
[WhiteElo "2993"]
[BlackElo "2543"]
[TimeControl "180+1"]
[EndTime "14:42:12 PDT"]
[Termination "jcibarra won on time"]

1. e4 e6 2. d4 d5 3. Nc3 dxe4 4. Nxe4 Nd7 5. Bd3 Ngf6 6. Qe2 c5 7. Nxf6+ Nxf6 8.
dxc5 Bxc5 9. Bg5 Qa5+ 10. Bd2 Qc7 11. O-O-O b6 12. Nf3 Bb7 13. Ne5 O-O-O 14. f4 Nd5 15. Kb1 Kb8 16. Rhf1 Nb4 17. Be4 Nc6 18. Bc3 f6 19.
Nd3 Bd4 20. Bd2 f5 21. Bf3 Rhe8 22. Rfe1 Bf6 23. Qf2 Nd4 24. Bc3 Nxf3 25. Bxf6 Nxe1 26. Be5 Rd6 27. Rxe1 Be4 28. Re3 Kb7 29. Bxd6 Qxd6 30. g3 Rc8 31. Qd2 Qd4 32. a3 Rd8 33. Kc1 h6 34. Qe2 Qd5 35. Nb4 Qd6 36. Rxe4 fxe4 37. Qxe4+ Kc8 38. Qa8+ Kd7 39. Qxa7+ Qc7 40. Qa4+ Kc8 41.
Qa6+ Kd7 42. Qb5+ Kc8 43. Qe2 Qd7 44. Nd3 Qd6 45. Kb1 Kb7 46. Qe4+ Qd5 47. Qe2 Qh1+ 48.
Ka2 Qd5+ 49. b3 Rd6 50. Kb1 Rd8 51. Kb2 Rc8 52. Nb4 Qd4+ 53. Ka2 Qd6 54. Qa6+ Kb8 55. Qe2 Kb7 56. Qe4+ Kb8 57. Kb2 Ka7 58. Qe2 Kb8 59. h4 Ka7 60. Qe4 Kb8 61. Nd3 Rd8 62. Kb1 Rc8 63. Ne5 Ka7 64. Qe2 Kb8 65. Nd3 Rc7 66. h5 Ka7 67. Nb4 Kb8 68. Ka2 Kc8 69. Qa6+ Kb8 70. Qe2 Qc5 71. Na6+ 1-0

[Event "Late-Titled-Tuesday-Blitz-April-23-2024"]
[Site "Chess.com"]
[Date "2024.04.23"]
[Round "4"]
[White "Bugcrusher"]
[Black "Meri-Arabidze"]
[Result "0-1"]
[WhiteElo "2501"]
[BlackElo "2687"]
[TimeControl "180+1"]
[EndTime "14:42:12 PDT"]
[Termination "Meri-Arabidze won by resignation"]

1. d4 Nf6 2. Bf4 d5 3. e3 e6 4. Nd2 c5 5. Ngf3 Nc6 6. c3 Bd6 7. Bg3 O-O 8. Bb5 a6 9. Bd3 b5 10. Ne5 Bb7 11. f4 Ne7 12. Bh4 Ne4 13. Qf3 f6 14.
Ng4 Nf5 15. Bg3 Nxd2 16. Kxd2 b4 17. Bxf5 exf5 18. Nf2 bxc3+ 19. bxc3 cxd4 20. exd4 Qa5 21. Qd3 Rac8 22. Rhc1 Rc4 23. Qxf5 Rxd4+ 24. Ke2 Re8+ 25. Kf1 Rd2 26. Re1 Qb5+ 27. Kg1 Bc8 28. Qb1 Bd7 29. Rxe8+ Bxe8 30. Qxb5 Bxb5 31. f5 Bc5 32. a4 Bc4 33. h4 h5 34. Re1 Kh7 35. Re6 Rc2 36. Rc6 Be3 37. Re6 Ba7 38. Re7 Bc5 39. Rc7 Be3 40. Re7 Rxc3 41. Kh2 Bc5 42. Rc7 Bb6 43. Rb7 Bd4 44. Nh3 Rc2 45. Nf4 Bf1 46. Rb8 Be5 47. Rd8 Bxf4 48. Bxf4 Bxg2 49. Kg3 Be4 50. Rd7 Rc3+ 51. Kh2 Rc2+ 52. Kg3 Rg2+ 53. Kh3 Rg4 54. Bd6 Bxf5 55. Rc7 Rxa4+ 56. Kh2 Rxh4+ 57. Kg3 Rc4 58. Ra7 Rg4+ 59. Kf3 Ra4 60. Bf8 Rg4 61. Rxa6 d4 62. Ra7 d3 63. Ke3 h4 64. Ra5 Kg6 65. Bxg7 Kxg7 66.
Rxf5 Rg3+ 67. Kf2 Kg6 68. Ra5 f5 69. Ra6+ Kg5 70. Ra8 Kf4 71. Ra4+ Kg5 72. Ra8 d2 73.
Ke2 Rg2+ 74. Kd1 h3 75. Rg8+ Kf4 76. Rh8 Kg3 77. Rg8+ Kf3 78. Rh8 h2 79. Kc2 d1=Q+ 80. Kxd1 Rg1+ 0-1

[Event "Late-Titled-Tuesday-Blitz-April-23-2024"]
[Site "Chess.com"]
[Date "2024.04.23"]
[Round "4"]
[White "Onischuk_V"]
[Black "Njal28"]
[Result "1-0"]
[WhiteElo "2843"]
[BlackElo "3021"]
[TimeControl "180+1"]
[EndTime "14:42:17 PDT"]
[Termination "Onischuk_V won by checkmate"]

1. e4 c6 2. d4 d5 3. Nc3 dxe4 4.
Nxe4 Nf6 5. Nxf6+ gxf6 6. g3 Qd5 7. Nf3 Bg4 8. Bg2 Nd7 9. O-O Qh5 10. c4 O-O-O 11. Qb3 e6 12. Bf4 e5 13. Bd2 exd4 14.
Nxd4 Nc5 15. Qe3 Bd6 16. Rfe1 Bh3 17. Bxh3+ Qxh3 18. Bc3 h5 19. Qf3 h4 20. Qf5+ Qxf5 21. Nxf5 hxg3 22. hxg3 Nd3 23. Bxf6 Nxe1 24. Rxe1 Bb4 25.
Rc1 Rh5 26. Bxd8 Rxf5 27. Bh4 Rf3 28. Kg2 Rd3 29. Bg5 Kd7 30. Be3 a6 31. Kf3 Ke6 32.
Ke2 Rd8 33. Rh1 Be7 34. g4 b5 35. Rh6+ f6 36. cxb5 axb5 37. g5 Kf5 38. gxf6 Bxf6 39. Rh5+ Ke6 40. Rc5 Kd7 41. b3 Ra8 42. Rc2 Be7 43.
f4 Bd6 44. Kf3 Rh8 45. Ke4 Re8+ 46. Kf3 Rh8 47. Bd4 Rh3+ 48. Ke4 Rh1 49. Re2 c5 50. Be5 Bf8 51. Rd2+ Kc6 52. f5 Rh4+ 53. Kf3 c4 54. bxc4 bxc4 55. f6 Rh5 56. Ke4 Rh1 57. Kf5 Bb4 58.
Re2 Kd7 59. f7 Ke7 60. Bc3+ Kxf7 61. Bxb4 Rb1 62. Bc3 Rf1+ 63. Ke4 Rc1 64. Kd4 Rh1 65. Kxc4 Rh5 66. Kb3 Rh4 67. a4 Rh6 68. a5 Rg6 69. Rd2 Ra6 70. Ra2 Ke7 71. Kc4 Kd7 72. Kb5 Re6 73.
Bd4 Kc7 74. a6 Kb8 75. Bc5 Ka8 76. Rh2 Re8 77. Rh7 Rb8+ 78. Bb6 Re8 79. Kc6 Rc8+ 80. Bc7 Rg8 81. Rh5 Ka7 82. Rb5 Rg6+ 83. Bd6 Kxa6 84. Rb8 Ka7 85. Rb4 Rg4 86. Rxg4 Ka8 87. Ra4# 1-0

[Event "Late-Titled-Tuesday-Blitz-April-23-2024"]
[Site "Chess.com"]
[Date "2024.04.23"]
[Round "4"]
[White "Nimrod_Veinberg"]
[Black "ahkashefi2800"]
[Result "1-0"]
[WhiteElo "2822"]
[BlackElo "2597"]
[TimeControl "180+1"]
[EndTime "14:42:23 PDT"]
[Termination "Nimrod_Veinberg won on time"]

1. e4 c6 2. d4 d5 3. Nd2 dxe4 4. Nxe4 Nd7 5. Nf3 Ngf6 6. Nc3 e6 7. Bf4 Bb4 8. Bd3 O-O 9. O-O Re8 10. a3 Ba5 11. Qe2 Nf8 12. Ne4 Nxe4 13. Bxe4 Ng6 14. Bg5 Qd6 15. Bxg6 hxg6 16. c4 Bc7 17. Bh4 c5 18. Bg3 Qe7 19. Bxc7 Qxc7 20. dxc5 Qxc5 21. Ne5 Qc7 22.
Rad1 Re7 23. Rd3 Bd7 24. Rfd1 Bc6 25. b4 a6 26. Qe3 Rae8 27. Qc5 Ba4 28. Qxc7 Rxc7 29.
Rc1 Rec8 30. c5 Be8 31. Rd6 f6 32. Nc4 e5 33. Nb6 Rb8 34. f3 Bc6 35. h4 Re8 36. Kf2 e4 37. Re1 Rce7 38. fxe4 Rxe4 39. Rxe4 Rxe4 40.
g3 Rg4 41. Rd8+ Kh7 42. Rd3 g5 43. hxg5 Rxg5 44. Nc8 Rf5+ 45. Ke1 Re5+ 46. Kd2 Bb5 47. Re3 Rd5+ 48. Kc3 Rd7 49. Nd6 Bc6 50. Kb3 Rc7 51. a4 Bd5+ 52. Kc3 Bc6 53. Kb3 Bd5+ 54. Kc3 Kg6 55. Kd4 Bc6 56. b5 axb5 57. axb5 Bg2 58. b6 Rd7 59. Re2 Bc6 60. Ra2 Re7 61. Ra8 Kg5 62. Ra3 Kg4 63. Rc3 g6 64. Nc4 Re4+ 65.
Kd3 Kxg3 66. Na5 Re6 67. Nxc6 Rxc6 68. Kc4+ Kf4 69. Rd3 g5 70. Rd7 g4 71. Rxb7 g3 72. Rg7 f5 73. b7 Ra6 74. b8=Q+ Kf3 75. Qxg3+ Ke4 76. Re7+ 1-0

[Event "Late-Titled-Tuesday-Blitz-April-23-2024"]
[Site "Chess.com"]
[Date "2024.04.23"]
[Round "4"]
[White "mjelcic"]
[Black "Nf3c5"]
[Result "1-0"]
[WhiteElo "2375"]
[BlackElo "2621"]
[TimeControl "180+1"]
[EndTime "14:42:48 PDT"]
[Termination "mjelcic won on time"]

1. c4 Nf6 2. Nc3 g6 3. g3 Bg7 4.
Bg2 O-O 5. d3 d6 6. e4 c5 7.
Nge2 Nc6 8. O-O Ne8 9. f4 Nc7 10. Be3 Ne6 11. Qd2 Ned4 12. f5 e6 13. fxg6 fxg6 14. Rxf8+ Qxf8 15. Rf1 Qe7 16. Bg5 Qe8 17. Bf6 Bxf6 18. Rxf6 Qe7 19. Rf1 Bd7 20. Nxd4 Nxd4 21. e5 Bc6 22. exd6 Qxd6 23. Bxc6 Nxc6 24. Ne4 Qd4+ 25. Qf2 Qxf2+ 26. Rxf2 b6 27. Ng5 Nd4 28. Ne4 Rd8 29. Kf1 Kg7 30. Ke1 Nc6 31. Ke2 h6 32. a3 Ne5 33. Rf6 Re8 34. Rf1 Rd8 35. Rf6 Nc6 36. Ke3 Nd4 37. Rf2 Nf5+ 38. Kd2 Nd4 39. Kc3 Nf5 40. b4 cxb4+ 41. axb4 Rd7 42. Ra2 e5 43. Re2 Nd4 44. Ra2 Ne6 45. b5 Nd4 46.
Rf2 Ne6 47. Rf6 Ng5 48. Rc6 Nxe4+ 49. dxe4 Rd4 50. Rc7+ Kf6 51. Rxa7 Rxe4 52. Ra6 Re2 53. Rxb6+ Kf5 54. Rb8 Rxh2 55. b6 Rh1 56. b7 Rb1 57. c5 Ke6 58. Kc4 Kd7 59. Rg8 Rxb7 60. Rg7+ Kc8 61.
Rxg6 Rb1 62. Rxh6 Rc1+ 63. Kd5 Rd1+ 64. Kxe5 Kb8 65. Rh7 Rc1 66. Kd6 Rd1+ 67. Kc6 Rg1 68. Rh8+ Ka7 69. Rg8 Rf1 70. g4 Rf6+ 71. Kb5 Rf1 72.
g5 Rb1+ 73. Kc6 Ra1 74. g6 Ra6+ 75. Kc7 Ra5 76. c6 Ra1 77. g7 Rg1 78. Kc8 Rg6 79.
c7 Rg1 80. Kd7 Rd1+ 81. Ke8 Re1+ 82. Kf7 Rf1+ 83. Kg6 Rg1+ 84. Kf6 Rf1+ 85. Ke5 Re1+ 86.
Kd4 Rd1+ 87. Ke3 Re1+ 88. Kf2 Re7 89. c8=Q Rf7+ 90. Kg3 Rb7 91. Kh4 Rb4+ 92. Kh5 Rb5+ 93. Kg6 Rb6+ 94. Kh7 Rb2 95. Qa8+ Kb6 96. Qb8+ Kc5 97.
Qxb2 Kd5 98. Qe2 1-0

[Event "Late-Titled-Tuesday-Blitz-April-23-2024"]
[Site "Chess.com"]
[Date "2024.04.23"]
[Round "4"]
[White "slorovel"]
[Black "Lennis93"]
[Result "0-1"]
[WhiteElo "2551"]
[BlackElo "2761"]
[TimeControl "180+1"]
[EndTime "14:43:11 PDT"]
[Termination "Lennis93 won on time"]

1. e4 c6 2. d4 d5 3. Nc3 dxe4 4.
Nxe4 Bf5 5. Ng3 Bg6 6. h4 h6 7. Nf3 Nd7 8. h5 Bh7 9. Bd3 Bxd3 10. Qxd3 e6 11. Bd2 Ngf6 12. O-O-O Be7 13. Ne4 Nxe4 14. Qxe4 Nf6 15. Qd3 a5 16. g4 Qd5 17. c4 Qe4 18. Qxe4 Nxe4 19. Be3 O-O 20. Ne5 Bg5 21. Bxg5 hxg5 22.
Rhf1 f6 23. Nd7 Rfd8 24. Nc5 Nxc5 25. dxc5 e5 26. f3 Kf7 27. Kc2 Ke6 28. Rh1 f5 29.
h6 fxg4 30. fxg4 e4 31. hxg7 Rg8 32. Rd6+ Ke7 33. Re1 Rxg7 34. Rxe4+ Kf8 35. Rf6+ Kg8 36. Rfe6 Rf8 37. Re8 Rf7 38. Rxf8+ Kxf8 39. Re5 Rf2+ 40. Kc3 Rf3+ 41. Kc2 Rf2+ 42. Kb3 a4+ 43. Kxa4 Rxb2 44. Rxg5 Rxa2+ 45. Kb4 Rb2+ 46. Ka5 Kf7 47. Rh5 Kg6 48. Re5 Kf6 49. Rf5+ Ke6 50. Rh5 Rb1 51. Ka4 Kf6 52. Rh3 Kg5 53. Rb3 Ra1+ 54. Kb4 Kxg4 55. Re3 Rb1+ 56.
Ka5 Kf4 57. Re8 Kf5 58. Re7 Kf6 59. Re2 Ra1+ 60. Kb6 Rb1+ 61. Kc7 Rb4 62. Rc2 Ke5 63. Rd2 Ke4 64. Rd1 Ke3 65. Rd8 Ke4 66. Rb8 Rxc4 67. Rxb7 Rxc5 68. Kb6 Rc1 69. Rc7 Kd5 70. Ka5 c5 71.
Ka4 Rb1 72. Ka3 Kd4 73. Ka2 Rb6 74. Rd7+ Kc3 75. Rc7 c4 76. Ka1 Kb3 77. Kb1 Kc3+ 78. Kc1 Rh6 79. Kb1 Rh1+ 80. Ka2 Rh2+ 81. Kb1 Rh1+ 82. Ka2 Kd3 83. Rd7+ Kc2 84. Rc7 c3 85. Rc8 Rg1 86. Ka3 Ra1+ 87. Kb4 Rb1+ 88. Ka3 Kd2 89. Rd8+ Kc1 90. Rc8 c2 91. Ka2 Rb7 92. Ka3 Rb5 93.
Ka2 Kd2 94. Rd8+ Kc3 95. Rc8+ Kd3 96. Rd8+ Ke2 97. Re8+ Kd1 98. Rd8+ Kc1 99. Rc8 Rb4 100. Ka3 Rb2 101. Rh8 Kb1 102. Rb8 c1=Q 0-1

[Event "Late-Titled-Tuesday-Blitz-April-23-2024"]
[Site "Chess.com"]
[Date "2024.04.23"]
[Round "4"]
[White "amanmuhammethommadov"]
[Black "Angry_Twin"]
[Result "1-0"]
[WhiteElo "2721"]
[BlackElo "2910"]
[TimeControl "180+1"]
[EndTime "14:43:12 PDT"]
[Termination "amanmuhammethommadov won by resignation"]

1. e4 c5 2. Nf3 d6 3. c3 Nf6 4.
h3 Nc6 5. Bd3 e5 6. Bc2 d5 7.
exd5 Qxd5 8. O-O e4 9. Re1 Be7 10. Nh2 Bf5 11. Nf1 Qd7 12. Ng3 O-O 13. Nxf5 Qxf5 14.
Qe2 Rfe8 15. Na3 Bf8 16. Nc4 Rad8 17. a4 h6 18. b3 Qg6 19. Ba3 b6 20. Rad1 Rd5 21.
Qf1 Qh5 22. d3 exd3 23. Rxd3 Red8 24. Red1 Rxd3 25. Rxd3 Nd5 26. Bc1 Qh4 27. Qe2 g6 28. Qf3 Nce7 29. Ne5 f5 30. c4 Qf6 31. Bb2 Bg7 32.
cxd5 Qg5 33. d6 Nc8 34. d7 Ne7 35. g3 h5 36. h4 Qh6 37. Kg2 g5 38. hxg5 Qxg5 39.
Bc3 h4 40. Bd2 Qf6 41. Bf4 hxg3 42. Qxg3 Qe6 43. Bd1 Nd5 44. Rxd5 Qxd5+ 45. Bf3 Qe6 46.
Qg5 Qf6 47. Qxf6 Bxf6 48. Bc6 Kf8 49. Kf3 Ke7 50. Ng6+ Kf7 51. Ne5+ Ke6 52. Nc4 Bd4 53. Bc7 Bf6 54. Bxd8 Bxd8 55. Ne3 Kd6 56. Bb5 Ke5 57. Ke2 Bc7 58. Kd3 f4 59. Nc4+ Kd5 60. Nd2 Bd8 61.
Ne4 Be7 62. Nc3+ Ke5 63. f3 Bd8 64. Bc4 Kd6 65. Bb5 Ke5 66. Ba6 Kd6 67. Bc8 Ke5 68. Nb5 a5 69. Na7 Kd6 70. Ke4 Bg5 71. Kf5 Bd8 72. Kxf4 Kd5 73. Ke3 Kd6 74. f4 Kc7 75.
Ke4 Kd6 76. f5 Bf6 77. Nb5+ Kc6 78. Na3 Bd8 79. Nc4 Bf6 80. Ne3 Kd6 81. Nd5 Bd8 82.
f6 Ke6 83. Ne7 Kxf6 84. Nc6 Bc7 85. d8=Q+ Bxd8 86. Nxd8 Ke7 87. Nc6+ Kd6 88. Bb7 Kc7 89. Ba8 Kd6 90. Kd3 Kc7 91. Kc4 Kd7 92. Kb5 Kc7 93. Ne5 Kb8 94. Bf3 c4 95. bxc4 Kc7 96. Ng4 Kb8 97. Kxb6 Kc8 98. c5 Kb8 99. c6 Kc8 100. Ne5 Kd8 101. c7+ Ke7 102. c8=Q Kf6 1-0

[Event "Late-Titled-Tuesday-Blitz-April-23-2024"]
[Site "Chess.com"]
[Date "2024.04.23"]
[Round "5"]
[White "super_emi_26"]
[Black "CombativeWombat"]
[Result "1-0"]
[WhiteElo "2698"]
[BlackElo "2337"]
[TimeControl "180+1"]
[EndTime "14:50:42 PDT"]
[Termination "super_emi_26 won by resignation"]

1. b3 e5 2. Bb2 Nc6 3. e3 f6 4. Bb5 d5 5. Bxc6+ bxc6 6. Ne2 Bd6 7. f4 e4 8. O-O Nh6 9. Nbc3 O-O 10. Qe1 Qe8 11. h3 Nf5 12. g4 Nh4 13. Qxh4 1-0

[Event "Late-Titled-Tuesday-Blitz-April-23-2024"]
[Site "Chess.com"]
[Date "2024.04.23"]
[Round "5"]
[White "A4RookA3"]
[Black "dianamirza"]
[Result "1-0"]
[WhiteElo "2364"]
[BlackElo "2029"]
[TimeControl "180+1"]
[EndTime "14:51:17 PDT"]
[Termination "A4RookA3 won by resignation"]

1. d4 Nf6 2. Bf4 d6 3. Nc3 g6 4.
e4 Bg7 5. Qd2 O-O 6. O-O-O c5 7.
dxc5 Nh5 8. Bh6 Qa5 9. Bxg7 Nxg7 10. cxd6 exd6 11. Qd5 Qa6 12. Bxa6 1-0

[Event "Late-Titled-Tuesday-Blitz-April-23-2024"]
[Site "Chess.com"]
[Date "2024.04.23"]
[Round "5"]
[White "Hakiki_satranc"]
[Black "crushernt"]
[Result "1-0"]
[WhiteElo "2394"]
[BlackElo "2100"]
[TimeControl "180+1"]
[EndTime "14:52:11 PDT"]
[Termination "Hakiki_satranc won by resignation"]

1. e4 c5 2. Nf3 d6 3. d4 cxd4 4. Nxd4 Nf6 5. Bb5+ Nbd7 6. O-O e5 7. Nf5 a6 8. Bxd7+ Qxd7 9. Nc3 Nxe4 10. Nxg7+ Bxg7 11. Nxe4 d5 12. Bh6 O-O 13. Bxg7 Kxg7 14. Ng3 Qg4 15. Qxd5 Re8 16. f4 e4 17. Nh5+ 1-0

[Event "Late-Titled-Tuesday-Blitz-April-23-2024"]
[Site "Chess.com"]
[Date "2024.04.23"]
[Round "5"]
[White "NovakRatko"]
[Black "gorgeous1083"]
[Result "1-0"]
[WhiteElo "2386"]
[BlackElo "2089"]
[TimeControl "180+1"]
[EndTime "14:52:13 PDT"]
[Termination "NovakRatko won by resignation"]

1. d4 Nf6 2. c4 e6 3. Bg5 d5 4. Nc3 Be7 5. e3 O-O 6. Nf3 c5 7. dxc5 Bxc5 8. cxd5 exd5 9. Bxf6 Qxf6 10. Qxd5 Bb4 11. Qb3 Nc6 12. Rc1 Be6 13. Bc4 Bxc3+ 14.
Qxc3 Qg6 15. Bxe6 Qxg2 16. Rg1 Qxg1+ 17. Nxg1 fxe6 18. Qb3 1-0

[Event "Late-Titled-Tuesday-Blitz-April-23-2024"]
[Site "Chess.com"]
[Date "2024.04.23"]
[Round "5"]
[White "IraZyne"]
[Black "carloseduar100"]
[Result "0-1"]
[WhiteElo "2328"]
[BlackElo "2204"]
[TimeControl "180+1"]
[EndTime "14:52:18 PDT"]
[Termination "carloseduar100 won by resignation"]

1. e4 e6 2. d4 d5 3. Nc3 Nf6 4.
e5 Nfd7 5. f4 c5 6. Nf3 Nc6 7.
Ne2 cxd4 8. Nexd4 Nxd4 9. Nxd4 Bc5 10. c3 Qh4+ 11. g3 Qe7 12. Bd3 h5 13. Be3 a6 14.
Qf3 h4 15. g4 Nf8 16. O-O-O Bd7 17. f5 O-O-O 18. h3 Kb8 19. Rhf1 Ka8 20. f6 gxf6 21. Qxf6 Qxf6 22. Rxf6 Be8 23. Kd2 Nd7 24. Rf2 Nxe5 25.
Bc2 Nc4+ 26. Ke2 Nxe3 27. Kxe3 e5 0-1

[Event "Late-Titled-Tuesday-Blitz-April-23-2024"]
[Site "Chess.com"]
[Date "2024.04.23"]
[Round "5"]
[White "Fins0905"]
[Black "BlackGod93"]
[Result "1-0"]
[WhiteElo "2775"]
[BlackElo "2563"]
[TimeControl "180+1"]
[EndTime "14:52:44 PDT"]
[Termination "Fins0905 won by resignation"]

1. d4 Nf6 2. Nf3 c5 3. c3 cxd4 4. cxd4 g6 5. Nc3 Bg7 6. e4 O-O 7. Be2 d6 8. h3 Nc6 9. d5 Nb8 10. O-O Nbd7 11. Be3 a6 12. a4 Qa5 13. Nd2 Nc5 14.
Nc4 Qb4 15. Qc2 Qb3 16. Qxb3 Nxb3 17. Ra3 Nc5 18. e5 Nfe4 19. exd6 exd6 20. Nxd6 Bd7 21. Ndxe4 1-0

[Event "Late-Titled-Tuesday-Blitz-April-23-2024"]
[Site "Chess.com"]
[Date "2024.04.23"]
[Round "5"]
[White "Alexei_Gubajdullin"]
[Black "sassassasss"]
[Result "1-0"]
[WhiteElo "2594"]
[BlackElo "2445"]
[TimeControl "180+1"]
[EndTime "14:52:45 PDT"]
[Termination "Alexei_Gubajdullin won by resignation"]

1. Nf3 Nc6 2. d4 d6 3. Bf4 Bg4 4. e3 e6 5. Be2 Nf6 6. O-O Be7 7. h3 Bh5 8. c4 O-O 9. Bh2 Re8 10. Nc3 Bf8 11. Nd2 e5 12. Bxh5 exd4 13. exd4 Nxd4 14.
Bf3 c6 15. Nde4 Nxf3+ 16. Qxf3 Nxe4 17. Nxe4 d5 18. cxd5 Qxd5 19. Nc3 Qa5 20. Rfe1 Qb4 21. Re2 Rad8 22. Rae1 Rxe2 23. Rxe2 f6 24. Bc7 Rd7 25. Bf4 Rd8 26. Qe4 Qa5 27. Qe6+ Kh8 28. Qf7 b5 29. Bc7 1-0

[Event "Late-Titled-Tuesday-Blitz-April-23-2024"]
[Site "Chess.com"]
[Date "2024.04.23"]
[Round "5"]
[White "titomagno_64"]
[Black "ACollins05"]
[Result "0-1"]
[WhiteElo "2310"]
[BlackElo "2537"]
[TimeControl "180+1"]
[EndTime "14:52:50 PDT"]
[Termination "ACollins05 won by resignation"]

1. d4 b5 2. a4 b4 3. Nd2 Bb7 4. Nb3 e6 5. Na5 Bc8 6. Nf3 Nf6 7. Bg5 c5 8. Nb3 c4 9. Nbd2 d5 10. e4 Be7 11. exd5 exd5 12. Ne5 Be6 13. Ndf3 O-O 14. g3 Ne4 15. Bxe7 Qxe7 16. h3 f6 17. Ng4 Bxg4 18.
hxg4 Nc3+ 0-1

[Event "Late-Titled-Tuesday-Blitz-April-23-2024"]
[Site "Chess.com"]
[Date "2024.04.23"]
[Round "5"]
[White "rikchessmx"]
[Black "SmirnovTimofey2000"]
[Result "1-0"]
[WhiteElo "2308"]
[BlackElo "1969"]
[TimeControl "180+1"]
[EndTime "14:52:56 PDT"]
[Termination "rikchessmx won by resignation"]

1. e4 e5 2. Nc3 Nf6 3. Nge2 Bc5 4. d3 d6 5. h3 Nc6 6. Bg5 h6 7. Bh4 Be6 8. g4 g5 9. Bg3 h5 10. f3 Nd4 11. Nxd4 Bxd4 12. Bg2 Qd7 13. Qd2 Rg8 14. Bf2 Bxf2+ 15. Qxf2 h4 16. O-O-O d5 17. d4 O-O-O 18. dxe5 Nh7 19. exd5 1-0

[Event "Late-Titled-Tuesday-Blitz-April-23-2024"]
[Site "Chess.com"]
[Date "2024.04.23"]
[Round "5"]
[White "wanyaland"]
[Black "LUISMIGUELOV"]
[Result "0-1"]
[WhiteElo "2428"]
[BlackElo "2224"]
[TimeControl "180+1"]
[EndTime "14:53:16 PDT"]
[Termination "LUISMIGUELOV won by resignation"]

1. d4 c6 2. c4 d5 3. Nc3 h6 4. Nf3 Nf6 5. e3 Nbd7 6. cxd5 cxd5 7. Bd3 Nb6 8. Ne5 e6 9. O-O Bd6 10. f4 O-O 11. Bd2 Bd7 12. Rc1 Rc8 13. Rf3 Nc4 14. Bxc4 dxc4 15. Rg3 b5 16. Qf3 b4 17. Ne2 Bxe5 18. fxe5 Bc6 19. Qf4 Nh5 20. Qg4 Nxg3 21. Qxg3 Qg5 22. Qf2 c3 23. bxc3 bxc3 24. Nxc3 Bb7 25. e4 Qg4 26. d5 exd5 27. exd5 Rxc3 28. Bxc3 Bxd5 29. Rd1 Qxd1+ 0-1

[Event "Late-Titled-Tuesday-Blitz-April-23-2024"]
[Site "Chess.com"]
[Date "2024.04.23"]
[Round "5"]
[White "Iuckyducky"]
[Black "kikoveiga"]
[Result "0-1"]
[WhiteElo "2243"]
[BlackElo "2575"]
[TimeControl "180+1"]
[EndTime "14:53:42 PDT"]
[Termination "kikoveiga won by resignation"]

1. e4 Nc6 2. d4 d5 3. e5 Bf5 4. Nf3 e6 5. Be2 f6 6. Bf4 fxe5 7.
Nxe5 Nxe5 8. Bxe5 Nf6 9. c4 c6 10. O-O Bd6 11. Nc3 O-O 12. Re1 Bxe5 13. dxe5 Nd7 14.
Bd3 Qb6 15. Na4 Qa5 16. Bxf5 Rxf5 17. cxd5 cxd5 18. Qd4 Raf8 19. Re2 Rf4 20. Qc3 Qxa4 21. b3 Qd4 0-1

[Event "Late-Titled-Tuesday-Blitz-April-23-2024"]
[Site "Chess.com"]
[Date "2024.04.23"]
[Round "5"]
[White "campochess"]
[Black "Cmorales2001"]
[Result "0-1"]
[WhiteElo "2157"]
[BlackElo "2423"]
[TimeControl "180+1"]
[EndTime "14:54:05 PDT"]
[Termination "Cmorales2001 won by resignation"]

1. d4 f6 2. e4 e6 3. Nf3 Ne7 4. Bd3 d5 5. Nc3 Nbc6 6. O-O g6 7.
Re1 Bg7 8. exd5 exd5 9. Bf4 a6 10. Nxd5 Qxd5 11. c4 Qd8 12. d5 Ne5 13. Nxe5 fxe5 14. Bxe5 Bxe5 15. Rxe5 O-O 16. Qe2 Nf5 17. Re1 Bd7 18. c5 c6 19. d6 Qf6 20. b4 Kh8 21. Bc4 a5 22. a3 axb4 23. axb4 b6 24. Be6 Bxe6 25. Rxe6 Nd4 26. Qc4 Nxe6 27. cxb6 Qxf2+ 0-1

[Event "Late-Titled-Tuesday-Blitz-April-23-2024"]
[Site "Chess.com"]
[Date "2024.04.23"]
[Round "5"]
[White "Firouzja2003"]
[Black "rezamahdavi2008"]
[Result "1-0"]
[WhiteElo "3108"]
[BlackElo "2911"]
[TimeControl "180+1"]
[EndTime "14:54:06 PDT"]
[Termination "Firouzja2003 won by resignation"]

1. e4 c5 2. Nf3 d6 3. d3 Nc6 4. g3 g6 5. Bg2 Bg7 6. O-O Nf6 7. Nc3 O-O 8. Re1 Nd7 9. Be3 Rb8 10. a4 Nde5 11. Nxe5 Bxe5 12. Qd2 a6 13. f4 Bg7 14.
Bf2 Bd7 15. Nd1 b5 16. axb5 axb5 17. c3 b4 18. Ne3 e6 19. Nc4 Qc7 20. e5 bxc3 21.
bxc3 dxe5 22. Bxc5 exf4 23. Bd6 Qd8 24. Bxb8 Qxb8 25.
gxf4 Rd8 26. d4 Be8 27. Ne5 Nxe5 28. fxe5 Bxe5 29. Ra8 Bxh2+ 30. Kh1 Qg3 31. Re3 Qh4 32.
Rh3 1-0

[Event "Late-Titled-Tuesday-Blitz-April-23-2024"]
[Site "Chess.com"]
[Date "2024.04.23"]
[Round "5"]
[White "aranibos"]
[Black "Stanbad1"]
[Result "0-1"]
[WhiteElo "2255"]
[BlackElo "2606"]
[TimeControl "180+1"]
[EndTime "14:54:15 PDT"]
[Termination "Stanbad1 won by resignation"]

1. e4 e6 2. d4 d5 3. Nc3 Nf6 4. e5 Nfd7 5. f4 c5 6. Nf3 Nc6 7. Be3 a6 8. Be2 Qb6 9. a3 c4 10. Rb1 Qa5 11. O-O b5 12. Ng5 h6 13. Nxf7 Kxf7 14. Bh5+ Ke7 15. f5 Nb6 16. Qc1 exf5 17. Ne2 g5 18. b4 cxb3 19. cxb3 Kd7 20. b4 Qa4 21. Ng3 Nc4 22. Nxf5 Qxa3 23. Qxa3 Nxa3 24. Rb3 Nc4 25. Bf2 Kc7 26. Ne3 Nd2 27. Nxd5+ Kb7 28.
Rf3 Nxf1 29. Rf7+ Kb8 30. Kxf1 Be6 31. Nc7 Bxf7 32. Nxa8 Bxh5 33. Nb6 Bxb4 34. Bg3 Nxd4 35. e6+ Kb7 0-1